 Seeded DCSS version 0.30-a0-715-gdb4ae3ece1 (webtiles) character file.

Game seed: 20230124 (custom seed)

34 stormannnn the Firebug (level 3, -5/26 HPs)
             Began as a Draconian Fire Elementalist on Jan 24, 2023.
             Slain by a worm (7 damage)
             ... on level 2 of the Dungeon.
             The game lasted 00:02:51 (1337 turns).

stormannnn the Firebug (DrFE)                       Turns: 1337, Time: 00:02:52

Health: -5/26      AC:  5    Str: 10    XL:     3   Next: 14%
Magic:  1/6        EV: 12    Int: 17    God:
Gold:   21         SH:  0    Dex: 11    Spells: 6/7 levels left

rFire   . . .      SeeInvis .    (no weapon)
rCold   . . .      Faith    .    e - orb {*channel}
rNeg    . . .      Spirit   .    (body armour unavailable)
rPois   .          Reflect  .    (helmet restricted)
rElec   .          Harm     .    (no cloak)
rCorr   .          Rampage  .    (no gloves)
Will    +....                    (no boots)
Stlth   ++                       (no amulet)
HPRegen 0.24/turn                i - ring of willpower
MPRegen 0.10/turn                (no ring)

@: very slightly contaminated
A: AC +5, unfitting armour, cold-blooded
a: no special abilities


You were on level 2 of the Dungeon.
You visited 1 branch of the dungeon, and saw 2 of its levels.

You collected 21 gold pieces.

Inventory:

Missiles
 h - 10 stones (quivered)
Armour
 e - an orb of energy (worn)
Jewellery
 i - a ring of willpower (left hand)
Scrolls
 b - a scroll of fear {unknown}
 d - a scroll of identify {unknown}
 f - a scroll of immolation {unknown}
Potions
 a - a potion of magic
 c - 2 potions of resistance {unknown}
 g - a potion of curing {unknown}
 j - 2 potions of flight {unknown}


   Skills:
 - Level 1.7 Dodging
 - Level 1.7 Stealth
 + Level 2.5 Spellcasting
 + Level 1.9 Conjurations
 + Level 3.4 Fire Magic


You had 6 spell levels left.
You knew the following spells:

 Your Spells              Type           Power      Damage    Failure   Level
a - Foxfire               Conj/Fire      44%        2x1d6     6%          1

Your spell library contained the following spells:

 Spells                   Type           Power      Damage    Failure   Level
 Scorch                   Fire           28%        2d6       7%          2
 Inner Flame              Hex/Fire       8%         N/A       26%         3
 Kindle Blastsparks       Fire/Tloc/Air  12%        2d11      34%         3
 Vhi's Electric Charge    Tloc/Air       4%         N/A       50%         3
 Flame Wave               Conj/Fire      11%        2d6       52%         4
 Arcjolt                  Conj/Air       2%         1d12      98%         5
 Maxwell's Capacitive Co  Air            1%         ∞         100%        8


Dungeon Overview and Level Annotations

Branches:
Dungeon (2/15)

Altars:


Innate Abilities, Weirdness & Mutations

Your plain brown scales are hard. (AC +5)
You cannot fit into any form of body armour.
You are cold-blooded and may be slowed by cold attacks.


Message History

The endoplasm quivers.
You see here a scroll labelled ROCEOBR LUSETH.
Casting: Foxfire (safe; 6% risk of failure)
Confirm with . or Enter, or press ? or * to list all spells.
You conjure some foxfire!
The foxfire hits the worm.
The worm is lightly wounded.
The foxfire hits the worm.
The worm is lightly wounded.
Casting: Foxfire (safe; 6% risk of failure)
Confirm with . or Enter, or press ? or * to list all spells.
You conjure some foxfire!
The worm closely misses you. The endoplasm freezes you.
You are frozen.
Casting: Foxfire (safe; 6% risk of failure)
Confirm with . or Enter, or press ? or * to list all spells.
There is not enough space to conjure foxfire!
The foxfire hits the worm.
The worm is lightly wounded.
The endoplasm barely misses you.
Casting: Foxfire (safe; 6% risk of failure)
Confirm with . or Enter, or press ? or * to list all spells.
You conjure some foxfire!
The worm bites you!
The endoplasm hits you but does no damage.
You hit the endoplasm but do no damage.
The foxfire hits the worm.
The worm is heavily wounded.
The endoplasm closely misses you.
Casting: Foxfire (safe; 6% risk of failure)
Confirm with . or Enter, or press ? or * to list all spells.
You miscast Foxfire.
You are very lightly contaminated with residual magic.
Nothing appears to happen.
The worm bites you!
* * * LOW HITPOINT WARNING * * *
The endoplasm freezes you.
You are frozen.
* * * LOW HITPOINT WARNING * * *
Casting: Foxfire (safe; 6% risk of failure)
Confirm with . or Enter, or press ? or * to list all spells.
You conjure some foxfire!
The worm bites you!
You die...

### ..# #!# #.#
#§# #
#.###.#####.#..#
#§......v@J....#
#§###<###w###..#
#........
..........
############


You could see a worm (ally target) and an endoplasm.

Vanquished Creatures
  A dart slug (D:1)
  4 ball pythons
  A bat (D:1)
  5 endoplasms (D:1)
  A giant cockroach (D:1)
  3 goblins (D:1)
  6 jackals (D:1)
  4 kobolds (D:1)
25 creatures vanquished.

Vanquished Creatures (collateral kills)
  3 foxfires (D:1)
3 creatures vanquished.

Vanquished Creatures (others)
  90 foxfires
  2 plants (D:1)
92 creatures vanquished.

Grand Total: 120 creatures vanquished

Notes
Turn   | Place    | Note
-------+----------+-------------------------------------------
     0 | D:1      | stormannnn the Draconian Fire Elementalist began the quest
                  | for the Orb.
     0 | D:1      | Reached XP level 1. HP: 14/14 MP: 3/3
   267 | D:1      | Reached XP level 2. HP: 12/20 MP: 0/5
   807 | D:1      | Reached XP level 3. HP: 26/26 MP: 1/6
   860 | D:1      | Found a faded altar of an unknown god.
  1337 | D:2      | Slain by a worm

Illustrated notes

Levels and vault maps discovered:
D:1:      dpeg_arrival_rhombi, layout_rooms,
          hellmonk_ecumenical_altar_crossroads, minmay_misc_feat_alley,
          kennysheep_small_spiral, serial_bayou_pond_b
D:2:      cheibrodos_pilgrimage, layout_loops_ring, corexii_hall_statues_l,
          roderic_lattice_a, uniq_natasha

Action                     || total
---------------------------++-------
  Melee: Unarmed           ||    37
         Tailslap          ||     4
   Cast: Foxfire           ||    58
 Armour: Skin              ||    27
  Dodge: Dodged            ||    49

Table legend: (Time is in decaauts)
 A = Elapsed time spent in this place.
 B = Non-inter-level travel time spent in this place.
 C = Inter-level travel time spent in this place.
 D = Time resting spent in this place.
 E = Time spent auto-exploring this place.
 F = Levels seen in this place.
 G = Mean time per level.
                   A        B        C        D        E       F      G
               +--------+--------+--------+--------+--------+-----+--------+
         Total |   1339 |   1313 |     26 |    147 |    912 |   2 |  669.5 |
       Dungeon |   1339 |   1313 |     26 |    147 |    912 |   2 |  669.5 |
               +--------+--------+--------+--------+--------+-----+--------+

Top non-repeatable levels by time:
     D:1: 1294 daAuts
     D:2: 44 daAuts
